 Dungeon Crawl Stone Soup version 0.27-a0-1189-gb8eb6cee8e (webtiles) character file.

Game seed: 1232814605481801890

2523 Armakuni the Skirmisher (level 9, -3/65 (68) HPs)
             Began as a Human Artificer on May 22, 2021.
             Was an Initiate of Gozag.
             Slain by a hornet (shapeshifter) (5 damage)
             ... on level 8 of the Dungeon.
             The game lasted 00:22:37 (10409 turns).

Armakuni the Skirmisher (Human Artificer)          Turns: 10409, Time: 00:22:37

HP:   -3/65 (68)    AC:  9    Str: 15    XL:     9   Next: 84%
MP:   0/10          EV: 12    Int: 13    God:    Gozag
Gold: 762           SH:  3    Dex: 16    Spells: 8/10 levels left

rFire    + . .     SeeInvis .   a - +8 flail of Exoneration {vorpal, rPois rF+ Will- Dex+3}
rCold    . . .     Faith    .   n - +0 buckler
rNeg     . . .     Spirit   +   m - +0 ring mail
rPois    +         Reflect  .   r - +2 hat
rElec    .         Harm     .   (no cloak)
rCorr    .         Rampage  .   g - +0 pair of gloves
Will     .....                  (no boots)
Stlth    +.........             G - amulet of guardian spirit
HPRegen  0.20/turn              (no ring)
MPRegen  0.12/turn              (no ring)

@: lethally poisoned (-3 -> -6), lightly drained
A: subdued magic 1
a: Renounce Religion, Potion Petition, Call Merchant, Bribe Branch


You were on level 8 of the Dungeon.
You worshipped Gozag.
Gozag was pleased with you.
You visited 2 branches of the dungeon, and saw 9 of its levels.

You collected 814 gold pieces.
You paid 52 gold pieces to Gozag.

Inventory:

Hand Weapons
 a - the +8 flail of Exoneration (weapon) {vorpal, rPois rF+ Will- Dex+3}
   (You found it on level 7 of the Dungeon)

   It inflicts extra damage upon your enemies.
   It affects your dexterity (+3).
   It protects you from fire.
   It protects you from poison.
   It decreases your willpower.
 b - a +0 long sword
Missiles
 d - 84 bolts
Armour
 g - a +0 pair of gloves (worn)
 m - a +0 ring mail (worn)
 n - a +0 buckler (worn)
 r - a +2 hat (worn)
Jewellery
 G - an amulet of guardian spirit (around neck)
 M - an amulet of magic regeneration
Wands
 j - a wand of flame (35)
 p - a wand of polymorph (4)
Scrolls
 f - a scroll of identify
 h - 3 scrolls of teleportation
 k - 2 scrolls of enchant armour
 o - a scroll of vulnerability
 q - 2 scrolls of magic mapping
 s - a scroll of brand weapon {unknown}
Potions
 c - a potion of might
 i - a potion of berserk rage
 l - a potion of cancellation {unknown}
Miscellaneous
 e - a piece from Xom's chessboard (inert) (quivered)


   Skills:
 - Level 5.0 Fighting
 - Level 5.0 Long Blades
 - Level 5.0 Maces & Flails
 - Level 5.0 Armour
 + Level 4.7 Dodging
 - Level 1.0 Stealth
 + Level 0.0 Shields
 - Level 1.0 Spellcasting
 - Level 4.0 Transmutations
 - Level 5.0 Evocations


You had 8 spell levels left.
You knew the following spells:

 Your Spells              Type           Power      Damage    Failure   Level
w - Wereblood             Tmut           8%         N/A       22%         2

Your spell library contained the following spells:

 Spells                   Type           Power      Damage    Failure   Level
 Beastly Appendage        Tmut           16%        N/A       14%         1
 Foxfire                  Conj/Fire      0%         2x1d4     61%         1
 Spider Form              Tmut/Pois      2%         N/A       71%         3
 Confusing Touch          Hex            0%         N/A       93%         3
 Conjure Flame            Conj/Fire      0%         6-21      93%         3
 Gell's Gravitas          Tloc           0%         N/A       93%         3
 Inner Flame              Hex/Fire       0%         N/A       93%         3
 Ice Form                 Ice/Tmut       4%         N/A       98%         4
 Petrify                  Tmut/Erth      4%         N/A       98%         4
 Hydra Form               Tmut           4%         N/A       99%         5
 Cause Fear               Hex            0%         N/A       100%        4
 Sticky Flame             Conj/Fire      0%         2d3       100%        4
 Fireball                 Conj/Fire      0%         3d3       100%        5
 Metabolic Englaciation   Hex/Ice        0%         N/A       100%        5
 Silence                  Hex/Air        0%         N/A       100%        5
 Yara's Violent Unravell  Hex/Tmut       2%         3d3       100%        5
 Discord                  Hex            0%         N/A       100%        8


Dungeon Overview and Level Annotations

Branches:
Dungeon (8/15)             Temple (1/1) D:7
   Lair: D:8-11

Altars:
Ashenzari
Cheibriados
Dithmenos
Elyvilon
Fedhas
Gozag
Hepliaklqana
Kikubaaqudgha
Makhleb
Okawaru
Qazlal
Ru
Sif Muna
Trog
Uskayaw
Vehumet
Wu Jian
Yredelemnul
Zin
The Shining One


Innate Abilities, Weirdness & Mutations

Your spells are a little easier to cast, but a little less powerful.


Message History

The hornet stings you but does no damage.
The hornet misses you.
You closely miss the hornet.
The hornet is severely wounded.
The hornet stings you!
You hit the hornet.
The hornet is almost dead.
The hornet stings you.
You feel yourself slow down.
The hornet stings you but does no damage.
You hit the hornet but do no damage.
The hornet is almost dead.
The hornet stings you! The hornet stings you.
You feel as though you will be slow longer.
The hornet barely misses you.
You miss the hornet.
The hornet is almost dead.
You block the hornet's attack. The hornet stings you.
You are poisoned.
The hornet stings you!
You suddenly lose the ability to move!
You feel very sick. The hornet stings you!
* * * LOW HITPOINT WARNING * * *
You can move again.
Unknown command.
Unknown command.
You closely miss the hornet.
The hornet is almost dead.
You feel very sick. The hornet misses you. The hornet stings you!
* * * LOW HITPOINT WARNING * * *
The hornet stings you.
* * * LOW HITPOINT WARNING * * *
Unknown command.
You hit the hornet.
The hornet is almost dead.
You feel yourself speed up.
* * * LOW HITPOINT WARNING * * *
You feel sick. You block the hornet's attack. The hornet stings you.
You die...
Your body crumbles into a pile of gold.

$ #.# #.# #.# ##
#.# .. #######.#
.# ........##..#
#...y....<# $
#######@#
....##.......#
...#####.####
........# #.#
..#.....# #.#
..#.....#####.#
#.....#.##<##.#
#.##..#.##.##.#
..##..#)##.##.##


You could see a hornet.

Vanquished Creatures
  A troll (D:7)
  Prince Ribbit (D:7)
  2 yaks (D:4)
  A steam dragon (D:7)
  A basilisk (D:7)
  A water moccasin (D:7)
  An ice beast (D:6)
  An orc warrior (D:6)
  A sky beast (D:5)
  2 centaurs
  A lemure (D:7)
  A gnoll sergeant (D:8)
  A bullfrog (D:7)
  A scorpion (D:6)
  6 wights
  A howler monkey (D:7)
  A centaur zombie (D:7)
  2 orc priests
  A gnoll shaman (D:7)
  A hound (D:6)
  A centaur skeleton (D:7)
  2 iguanas (D:4)
  2 orc wizards (D:3)
  A hound skeleton (D:2)
  12 gnolls
  5 adders
  A shadow imp (D:6)
  A white imp (D:6)
  2 ufetubi
  An adder skeleton (D:4)
  5 worms
  2 dart slugs
  19 orcs
  3 ball pythons (D:1)
  8 endoplasms
  5 giant cockroaches
  7 hobgoblins
  8 jackals
  10 kobolds
  10 quokkas
  6 bats
  A frilled lizard (D:3)
  4 goblins
  3 rats
147 creatures vanquished.

Vanquished Creatures (collateral kills)
  A yak (D:4)
  A gnoll (D:3)
  An orc (D:4)
3 creatures vanquished.

Vanquished Creatures (others)
  2 yaks (D:4)
  2 gnolls
  An adder (D:4)
5 creatures vanquished.

Grand Total: 155 creatures vanquished

Notes
Turn   | Place    | Note
-------+----------+-------------------------------------------
     0 | D:1      | Armakuni the Human Artificer began the quest for the Orb.
     0 | D:1      | Reached XP level 1. HP: 15/15 MP: 1/1
   215 | D:1      | Found a faded altar of an unknown god.
   255 | D:1      | Reached XP level 2. HP: 19/22 MP: 2/2
   905 | D:1      | Reached XP level 3. HP: 25/28 MP: 3/3
  2145 | D:2      | Reached XP level 4. HP: 32/35 MP: 4/4
  2764 | D:2      | Reached XP level 5. HP: 38/43 MP: 5/5
  3671 | D:3      | Reached skill level 1 in Long Blades
  4135 | D:3      | Reached skill level 5 in Fighting
  4140 | D:3      | Reached XP level 6. HP: 33/51 MP: 6/6
  4513 | D:4      | Noticed a yak
  4513 | D:4      | Noticed a yak
  4513 | D:4      | Noticed a yak
  5015 | D:4      | Noticed a yak
  5015 | D:4      | Noticed a yak
  5047 | D:4      | Killed a yak
  5059 | D:4      | Killed a yak
  5060 | D:4      | Reached XP level 7. HP: 16/56 MP: 7/7
  5067 | D:4      | Killed a yak
  5464 | D:4      | Reached skill level 5 in Long Blades
  5687 | D:4      | Learned a level 2 spell: Wereblood
  5809 | D:4      | Found an opulent altar of Gozag.
  5815 | D:4      | Became a worshipper of Gozag Ym Sagoz the Greedy
  5913 | D:4      | Found a glowing silver altar of Zin.
  6086 | D:5      | Entered Level 5 of the Dungeon
  6087 | D:5      | Found a blossoming altar of Fedhas.
  6099 | D:5      | Found a basalt altar of Yredelemnul.
  6127 | D:5      | Found a shadowy altar of Dithmenos.
  6128 | D:5      | Found a burning altar of Makhleb.
  6130 | D:5      | Found an ancient bone altar of Kikubaaqudgha.
  6133 | D:5      | Found a broken altar of Ashenzari.
  6134 | D:5      | Found a sacrificial altar of Ru.
  6460 | D:5      | Gained mutation: Your spells are a little easier to cast,
                  | but a little less powerful. [potion of mutation]
  6653 | D:5      | Found an iron altar of Okawaru.
  6777 | D:5      | Reached skill level 1 in Spellcasting
  6788 | D:5      | Noticed a troll
  6902 | D:6      | Found a bloodstained altar of Trog.
  7251 | D:6      | Reached XP level 8. HP: 52/62 MP: 9/9
  8381 | D:7      | Noticed a troll
  8384 | D:7      | Identified the +8 flail of Exoneration {vorpal, rPois rF+
                  | Will- Dex+3}
  8524 | D:6      | Reached skill level 1 in Maces & Flails
  8711 | D:7      | Killed a troll
  8712 | D:7      | Reached XP level 9. HP: 68/68 MP: 10/10
  8772 | D:7      | Reached skill level 5 in Maces & Flails
  8834 | D:7      | Found a staircase to the Ecumenical Temple.
  8861 | Temple   | Entered the Ecumenical Temple
  9136 | D:7      | Noticed Prince Ribbit
  9146 | D:7      | Killed Prince Ribbit
  9458 | D:7      | Reached skill level 5 in Evocations
  9940 | D:7      | Noticed Pikel
  9950 | D:7      | Noticed Pikel
  9950 | D:7      | Pikel changed into Pikel the basilisk
  9964 | D:7      | Killed Pikel the basilisk
 10261 | D:8      | Reached skill level 5 in Armour
 10398 | D:8      | Noticed a hornet
 10406 | D:8      | Paralysed by a hornet for 2 turns
 10408 | D:8      | HP: 3/65 [hornet (shapeshifter) (4)]
 10409 | D:8      | Slain by a hornet (shapeshifter)

Illustrated notes

Levels and vault maps discovered:
D:1:      erik_arrival_triangle_small, layout_loops_corners,
          shapermc_ecumenical_altar_gd, chequers_garden
D:2:      layout_basic, minivault_14, grunt_decor_one_mirror, minivault_19,
          cheibrodos_gnoll_hut
D:3:      layout_loops_ring, st_stairs_5
D:4:      layout_loops_cross, pdpol_temple_overflow_zin_treasury_gozag_greed
D:5:      layout_cave_pools, grunt_temple_overflow_open, okawaru_trees_2,
          lightli_corner_chamber
D:6:      layout_basic, amcnicky_altar_gilded, minmay_misc_feat_iff
D:7:      layout_layer_cave, minmay_temple_entry_stoned_glass, uniq_pikel,
          uniq_prince_ribbit1
D:8:      layout_basic, marbit_many_paths, pf_just_have_faith, uniq_maurice
Temple:   nicolae_temple_figure_zero

Skill      XL: |  1  2  3  4  5  6  7  8  9 |
---------------+----------------------------+-----
Fighting       | 2 3 4 5 |  5.0
Long Blades    | 1 4 5 |  5.0
Spellcasting   | 1 |  1.0
Transmutations | 2 4 |  4.0
Dodging        | 2 4 |  4.7
Armour         | 3 5 |  5.0
Maces & Flails | 4 5 |  5.0
Evocations     | 5 |  5.0
Stealth        | |  1.0

Action                   |  1- 3 |  4- 6 |  7- 9 || total
-------------------------+-------+-------+-------++-------
Melee: Club              |    23 |       |       ||    23
       Spear             |    73 |       |       ||    73
       Trident           |    52 |   181 |       ||   233
       Long sword        |       |    16 |   193 ||   209
       Flail             |       |       |   103 ||   103
Evoke: Wand              |     5 |    21 |    12 ||    38
       Piece from Xom's  |     8 |    16 |    10 ||    34
  Use: Scroll            |     4 |     2 |     6 ||    12
       Potion            |       |     2 |     8 ||    10
 Stab: Petrified         |     1 |    10 |       ||    11
       Sleeping          |     3 |     6 |     3 ||    12
       Petrifying        |     1 |     1 |       ||     2
       Distracted        |       |     1 |     2 ||     3
       Paralysed         |       |       |     9 ||     9
Armor: Leather armour    |    46 |    38 |    91 ||   175
       Ring mail         |       |       |    21 ||    21
Dodge: Dodged            |    83 |    76 |   194 ||   353
Block: Buckler           |       |       |     2 ||     2
       Rpst.: Long sword |       |     2 |    27 ||    29

Table legend: (Time is in decaauts)
 A = Elapsed time spent in this place.
 B = Non-inter-level travel time spent in this place.
 C = Inter-level travel time spent in this place.
 D = Time resting spent in this place.
 E = Time spent auto-exploring this place.
 F = Levels seen in this place.
 G = Mean time per level.
                   A        B        C        D        E       F      G
               +--------+--------+--------+--------+--------+-----+--------+
         Total |  10557 |  10248 |    309 |   2934 |   5025 |   9 | 1173.0 |
       Dungeon |  10433 |  10133 |    300 |   2934 |   4912 |   8 | 1304.1 |
        Temple |    123 |    114 |      9 |      0 |    113 |   1 |  123.0 |
               +--------+--------+--------+--------+--------+-----+--------+

Top non-repeatable levels by time:
     D:3: 2152 daAuts
     D:1: 1841 daAuts
     D:7: 1664 daAuts
     D:6: 1584 daAuts
     D:4: 1114 daAuts
     D:2: 1076 daAuts
     D:5: 810 daAuts
     D:8: 189 daAuts
  Temple: 123 daAuts
